 Dungeon Crawl Stone Soup version 0.31.0-32-g396128a36d (webtiles) character file.

Game seed: 17185940564927352300

95 pussypuss the Chopper (level 4, 0/39 HPs)
             Began as a Minotaur Fighter on Mar 21, 2024.
             Succumbed to a kobold's poison
             ... on level 3 of the Dungeon.
             The game lasted 00:02:59 (1786 turns).

pussypuss the Chopper (Minotaur Fighter)            Turns: 1786, Time: 00:03:02

Health: 0/39       AC:  8    Str: 22    XL:     4   Next: 39%
Magic:  3/3        EV:  7    Int:  5    God:
Gold:   166        SH: 12    Dex: 10    Spells: 3/3 levels left

rFire   + . .        a - +0 war axe
rCold   . . .        h - +0 tower shield
rNeg    . . .        b - +0 scale mail
rPois   .            (helmet restricted)
rElec   .            (no cloak)
rCorr   .            j - +0 pair of gloves
SInv    .            (no boots)
Will    .....        (no amulet) Stlth
                     p - ring of protection from fire
HPRegen 0.26/turn    (no ring)
MPRegen 0.08/turn

%: no passive effects
@: mighty, lethally poisoned (0 -> -15)
A: horns 2, retaliatory headbutt
a: no special abilities


You were on level 3 of the Dungeon.
You visited 1 branch of the dungeon, and saw 3 of its levels.

You collected 166 gold pieces.

Inventory:

Hand Weapons
 a - a +0 war axe (weapon)
Armour
 b - a +0 scale mail (worn)
 c - a +0 buckler
 h - a +0 tower shield (worn)
 j - a +0 pair of gloves (worn)
Jewellery
 p - a ring of protection from fire (left hand)
Scrolls
 e - 2 scrolls of poison {unknown}
 f - 2 scrolls of amnesia {unknown}
 g - a scroll of enchant weapon {unknown}
 k - a scroll of blinking {unknown}
 m - a scroll of fog {unknown}
 q - a scroll of teleportation {unknown}
 r - a scroll of identify {unknown}
Potions
 i - a potion of enlightenment {unknown}
 l - a potion of haste {unknown}
 n - a potion of degeneration {unknown}
 o - a potion of attraction {unknown}


   Skills:
 - Level 3.6 Fighting
 + Level 4.7 Axes
 - Level 3.6 Armour
 - Level 1.0 Dodging
 + Level 4.6 Shields


You had 3 spell levels left.
You didn't know any spells.
Your spell library contained the following spells:

 Spells                   Type           Power      Damage    Failure   Level
 Apportation              Tloc           0%         N/A       100%        1
 Necrotise                Necr           0%         1d4       100%        1
 Sting                    Conj/Alch      0%         1d3       100%        1
 Summon Small Mammal      Summ           0%         N/A       100%        1
 Lesser Beckoning         Tloc           0%         N/A       100%        2
 Call Canine Familiar     Summ           0%         N/A       100%        3
 Gell's Gravitas          Tloc           0%         N/A       100%        3
 Sigil of Binding         Hex            0%         N/A       100%        3
 Teleport Other           Tloc           0%         N/A       100%        3
 Dimensional Bullseye     Hex/Tloc       0%         N/A       100%        4


Dungeon Overview and Level Annotations

Branches:
Dungeon (3/15)

Altars:
Yredelemnul


Innate Abilities, Weirdness & Mutations

You have a pair of horns on your head.
You reflexively headbutt those who attack you in melee.


Message History

The kobold hits you but does no damage. You block the kobold's attack.
The kobold hits you with a +0 short sword.
You hit the kobold but do no damage.
The kobold is severely wounded.
You barely miss the kobold. You hit the kobold.
You kill the kobold!
You feel very sick.
The kobold hits you but does no damage. x2
You are more poisoned.
You block the kobold's attack. The kobold completely misses you.
You furiously retaliate!
You headbutt the kobold!
You kill the kobold!
You block the kobold's attack.
You are too injured to fight recklessly!
You are too injured to fight recklessly!
You are too injured to fight recklessly!
You feel very mighty all of a sudden.
You feel very sick. The kobold hits you but does no damage.
You are lethally poisoned!
The kobold hits you but does no damage.
You are too injured to fight recklessly!
You are too injured to fight recklessly!
You closely miss the kobold.
The kobold is severely wounded.
You slash the kobold!
You kill the kobold!
You closely miss the kobold. x2
* * * LOW HITPOINT WARNING * * *
You feel extremely sick. You block the kobold's attack.
The kobold closely misses you. The kobold hits you with a +0 club.
* * * LOW HITPOINT WARNING * * *
You slice the kobold!!
You kill the kobold!
You slash the kobold!
You kill the kobold!
You slash the kobold!
You kill the kobold!
You die...

#.#..#
####....#
#.#..#
#.......#
..#..##
#.......#
#....
#.......#
##...
#$...... ###.
#..... #.
#.))# # ##
##')@#####.#
####
#..)..#....#
#.^.
###.....#
#._.
#####.###
####... #...#
#8.####
###.##
#...... #..##
#.p.#'#
##..###...#.#
##...#...###


There were no monsters in sight!

Vanquished Creatures
  Robin (D:3)
  2 adders (D:2)
  A dart slug (D:1)
  6 bats
  3 endoplasms
  A giant cockroach (D:2)
  14 goblins
  5 hobgoblins
  7 jackals (D:1)
  11 kobolds
  5 ball pythons
  A frilled lizard (D:2)
  5 rats
62 creatures vanquished.

Notes
Turn   | Place    | Note
-------+----------+-------------------------------------------
     0 | D:1      | pussypuss the Minotaur Fighter began the quest for the Orb.
     0 | D:1      | Reached XP level 1. HP: 19/19 MP: 0/0
    90 | D:1      | Reached XP level 2. HP: 20/26 MP: 1/1
   685 | D:1      | Reached skill level 1 in Dodging
  1058 | D:2      | Reached XP level 3. HP: 31/31 MP: 2/2
  1620 | D:3      | Reached XP level 4. HP: 36/39 MP: 3/3
  1622 | D:3      | Noticed Robin
  1643 | D:3      | Killed Robin
  1747 | D:3      | Found a runed translucent door.
  1747 | D:3      | Noticed a human
  1753 | D:3      | Found a basalt altar of Yredelemnul.
  1786 | D:3      | Succumbed to a kobold's poison

Illustrated notes

Levels and vault maps discovered:
D:1:      mushboom_english_gardens, layout_basic, serial_co_window_serial,
          co_window_paths_a, co_window_corner_a, co_window_of_opportunity_a,
          co_window_paths_b, co_window_cross_1, co_window_unsneaky_path_d,
          co_window_unsneaky_path_b, co_window_paths_c, co_window_paths_d,
          glass_columns_b
D:2:      layout_rooms, minmay_joined_circles
D:3:      cheibrodos_fertilizer, layout_basic, dk_yredelemnul_ordeal,
          mainiacjoe_overflow_alcove_2, nicolae_twisty_statue_hallways,
          uniq_robin, uniq_ijyb

Skill      XL: |  1  2  3 |
---------------+----------+-----
Axes           | 3 4 |  4.7
Dodging        | 1 |  1.0
Shields        | 4 |  4.6
Fighting       | |  3.6
Armour         | |  3.6

Action                     |  1- 3 |  4- 6 || total
---------------------------+-------+-------++-------
  Melee: War axe           |    78 |    28 ||   106
         Headbutt          |    14 |     2 ||    16
    Use: Potion            |       |     1 ||     1
 Armour: Scale mail        |    46 |    27 ||    73
  Dodge: Dodged            |    39 |     5 ||    44
  Block: Buckler           |    16 |       ||    16
         Tower shield      |    25 |    29 ||    54
